[ AOE2 MATCH · #513608269 ]
UnrankedCiv #60 vs Malay
Player's team · LOSS
Rival team · WIN
[ REPLAY ANALYSIS · EXTRACTED FROM THE RECORDED GAME ]
Feudal
10:27
Castle
19:35
Imperial
31:10
| APM avg | 81.4 |
| APM peak | 141 |
| eAPM avg | 51.6 |
| Villagers / military | 298 / 153 |
Focus
⚔️ 46.4% · 🌾 53.6%
Unknown (2705) ×113 · Spearman ×108 · Skirmisher ×27 · Mangonel ×7 · Trebuchet (Packed) ×7 · Militia ×4
Feudal
12:12
Castle
16:32
Imperial
30:06
| APM avg | 62.2 |
| APM peak | 112 |
| eAPM avg | 31.4 |
| Villagers / military | 163 / 317 |
Focus
⚔️ 39.6% · 🌾 60.4%
Battle Elephant ×99 · Archer ×96 · Skirmisher ×54 · Karambit Warrior ×36 · Trebuchet (Packed) ×12 · Scout Cavalry ×7
Match map
Initial resources + every placement click. Lines = walls · curves = elevation contours. ◆ gold · ⬟ stone · ● berries · ✦ relic · ◌ wall gap
Your base· ✓ Closed at 19:35 · 62t walls · 5 gate(s)
MangonelDance's base· Open — unwalled flank
Smoothed initial terrain · ◌ = detected wall gap · hover for details
Inputs per minute
— VL Aveee - - MangonelDance
Build order — VL Aveee
First 150 of 886 actions detected
| 0:02 | Build | House |
| 0:02 | Build | House |
| 0:04 | Queue | Villager (Male) |
| 0:04 | Queue | Villager (Male) |
| 0:04 | Queue | Villager (Male) |
| 0:09 | Queue | Villager (Male) |
| 1:25 | Build | Lumber Camp |
| 1:30 | Queue | Villager (Male) |
| 1:31 | Queue | Villager (Male) |
| 1:31 | Queue | Villager (Male) |
| 2:04 | Queue | Villager (Male) |
| 2:04 | Queue | Villager (Male) |
| 2:04 | Queue | Villager (Male) |
| 2:28 | Queue | Villager (Male) |
| 2:28 | Queue | Villager (Male) |
| 2:46 | Queue | Villager (Male) |
| 2:46 | Queue | Villager (Male) |
| 3:20 | Queue | Villager (Male) |
| 3:20 | Queue | Villager (Male) |
| 3:28 | Build | House |
| 4:12 | Queue | Villager (Male) |
| 4:12 | Queue | Villager (Male) |
| 4:15 | Build | Barracks |
| 4:44 | Build | House |
| 4:59 | Queue | Villager (Male) |
| 5:09 | Queue | Militia |
| 5:09 | Queue | Militia |
| 5:09 | Queue | Militia |
| 5:15 | Build | Palisade Wall |
| 5:16 | Build | Palisade Wall |
| 5:23 | Build | Palisade Wall |
| 5:29 | Queue | Villager (Male) |
| 5:29 | Queue | Villager (Male) |
| 5:29 | Queue | Villager (Male) |
| 5:29 | Queue | Villager (Male) |
| 5:30 | Queue | Villager (Male) |
| 5:49 | Build | Mill |
| 5:52 | Research | Loom |
| 5:55 | Queue | Militia |
| 6:08 | Queue | Villager (Male) |
| 6:09 | Queue | Villager (Male) |
| 6:33 | Queue | Villager (Male) |
| 7:29 | Queue | Villager (Male) |
| 7:38 | Build | Mill |
| 7:39 | Queue | Villager (Male) |
| 8:17 | Research | Feudal Age |
| 8:17 | Research | Feudal Age |
| 8:18 | Research | Feudal Age |
| 8:49 | Build | House |
| 8:51 | Build | Palisade Wall |
| 8:51 | Build | Palisade Wall |
| 9:06 | Build | Lumber Camp |
| 10:11 | Build | Palisade Wall |
| 10:27 | Age | Feudal Age |
| 10:30 | Build | Lumber Camp |
| 10:31 | Queue | Villager (Male) |
| 10:32 | Research | Double-Bit Axe |
| 10:32 | Research | Double-Bit Axe |
| 10:37 | Queue | Villager (Male) |
| 11:01 | Build | Palisade Gate |
| 11:05 | Build | Palisade Gate |
| 11:05 | Queue | Villager (Male) |
| 11:09 | Build | Palisade Gate |
| 11:09 | Queue | Villager (Male) |
| 11:11 | Queue | Villager (Male) |
| 11:16 | Build | House |
| 11:16 | Queue | Villager (Male) |
| 11:25 | Build | Palisade Gate |
| 11:26 | Queue | Villager (Male) |
| 11:29 | Build | House |
| 11:43 | Build | Farm |
| 11:44 | Build | Farm |
| 11:44 | Build | Farm |
| 11:46 | Build | Farm |
| 11:46 | Build | Farm |
| 11:50 | Build | Farm |
| 12:00 | Queue | Villager (Male) |
| 12:13 | Build | Palisade Wall |
| 12:16 | Build | Palisade Wall |
| 12:22 | Build | Palisade Wall |
| 12:23 | Build | Farm |
| 12:25 | Build | Farm |
| 12:30 | Queue | Villager (Male) |
| 12:44 | Build | House |
| 12:45 | Build | Palisade Wall |
| 12:52 | Build | Palisade Wall |
| 13:00 | Queue | Villager (Male) |
| 13:09 | Build | Archery Range |
| 13:20 | Build | Mining Camp |
| 13:26 | Build | Palisade Wall |
| 13:48 | Build | House |
| 14:04 | Build | Farm |
| 14:18 | Build | Farm |
| 14:24 | Build | House |
| 14:26 | Build | Palisade Wall |
| 14:27 | Build | Palisade Wall |
| 14:39 | Queue | Villager (Male) |
| 14:56 | Build | Palisade Gate |
| 14:59 | Queue | Villager (Male) |
| 15:02 | Build | Palisade Gate |
| 15:03 | Build | Palisade Wall |
| 15:09 | Build | Farm |
| 15:18 | Queue | Villager (Male) |
| 15:37 | Build | Farm |
| 15:40 | Build | Farm |
| 15:54 | Queue | Villager (Male) |
| 16:03 | Build | Farm |
| 16:22 | Queue | Villager (Male) |
| 16:23 | Queue | Villager (Male) |
| 16:27 | Build | Blacksmith |
| 16:36 | Queue | Skirmisher |
| 16:55 | Research | Castle Age |
| 16:55 | Research | Castle Age |
| 16:55 | Research | Castle Age |
| 16:58 | Research | Padded Archer Armor |
| 16:58 | Research | Padded Archer Armor |
| 16:59 | Queue | Skirmisher |
| 17:29 | Queue | Skirmisher |
| 17:30 | Queue | Skirmisher |
| 17:34 | Build | Watch Tower |
| 17:40 | Queue | Skirmisher |
| 17:41 | Build | House |
| 17:43 | Build | House |
| 17:46 | Build | House |
| 17:47 | Build | House |
| 17:57 | Build | House |
| 18:01 | Build | Stone Wall |
| 18:05 | Queue | Skirmisher |
| 18:07 | Research | Fletching |
| 18:07 | Research | Fletching |
| 18:29 | Build | Palisade Wall |
| 18:37 | Build | Palisade Wall |
| 18:39 | Build | Palisade Wall |
| 18:45 | Queue | Skirmisher |
| 18:52 | Queue | Villager (Male) |
| 18:53 | Queue | Villager (Male) |
| 19:35 | Age | Castle Age |
| 19:38 | Build | Town Center |
| 19:39 | Research | Elite Skirmisher (upgrade) |
| 19:40 | Research | Bodkin Arrow |
| 19:48 | Research | Bow Saw |
| 19:52 | Queue | Villager (Male) |
| 20:02 | Research | Horse Collar |
| 20:07 | Build | Farm |
| 20:34 | Queue | Villager (Male) |
| 20:36 | Build | Farm |
| 20:47 | Research | Leather Archer Armor |
| 20:49 | Queue | Villager (Male) |
| 21:02 | Queue | Villager (Male) |
| 21:08 | Queue | Villager (Male) |
Build order — MangonelDance
First 150 of 812 actions detected
| 0:01 | Queue | Villager (Male) |
| 0:01 | Queue | Villager (Male) |
| 0:01 | Queue | Villager (Male) |
| 0:02 | Build | House |
| 0:04 | Build | House |
| 0:16 | Queue | Villager (Male) |
| 1:26 | Queue | Villager (Male) |
| 1:53 | Build | Lumber Camp |
| 2:01 | Queue | Villager (Male) |
| 2:16 | Queue | Villager (Male) |
| 2:46 | Queue | Villager (Male) |
| 3:00 | Queue | Villager (Male) |
| 3:32 | Queue | Villager (Male) |
| 3:51 | Build | House |
| 3:56 | Queue | Villager (Male) |
| 4:28 | Build | Barracks |
| 4:32 | Queue | Villager (Male) |
| 4:54 | Queue | Villager (Male) |
| 5:04 | Queue | Villager (Male) |
| 5:17 | Queue | Villager (Male) |
| 5:31 | Build | House |
| 5:32 | Queue | Villager (Male) |
| 5:40 | Queue | Militia |
| 5:40 | Queue | Militia |
| 6:02 | Build | Mill |
| 6:06 | Queue | Militia |
| 6:24 | Queue | Villager (Male) |
| 6:27 | Queue | Militia |
| 6:47 | Build | House |
| 7:05 | Queue | Villager (Male) |
| 7:13 | Queue | Villager (Male) |
| 7:17 | Build | Mill |
| 7:21 | Queue | Villager (Male) |
| 8:16 | Queue | Villager (Male) |
| 8:27 | Build | Farm |
| 8:44 | Queue | Villager (Male) |
| 8:52 | Build | Farm |
| 8:57 | Build | House |
| 9:04 | Queue | Villager (Male) |
| 9:32 | Build | Lumber Camp |
| 9:33 | Queue | Villager (Male) |
| 9:56 | Build | Farm |
| 9:59 | Queue | Villager (Male) |
| 10:17 | Build | House |
| 10:29 | Research | Loom |
| 10:31 | Build | Farm |
| 10:39 | Build | Farm |
| 10:47 | Research | Feudal Age |
| 10:56 | Build | Mining Camp |
| 12:04 | Queue | Villager (Male) |
| 12:12 | Age | Feudal Age |
| 12:19 | Queue | Villager (Male) |
| 12:25 | Build | Archery Range |
| 12:26 | Build | House |
| 12:33 | Build | House |
| 12:39 | Build | Farm |
| 12:45 | Build | Farm |
| 12:47 | Queue | Villager (Male) |
| 13:01 | Build | Palisade Wall |
| 13:03 | Build | Palisade Wall |
| 13:04 | Build | Palisade Wall |
| 13:09 | Build | Blacksmith |
| 13:15 | Queue | Villager (Male) |
| 13:19 | Build | Farm |
| 13:40 | Build | Farm |
| 13:42 | Queue | Archer |
| 13:44 | Queue | Villager (Male) |
| 13:48 | Build | House |
| 13:50 | Build | Palisade Wall |
| 14:00 | Build | Farm |
| 14:05 | Queue | Archer |
| 14:18 | Queue | Villager (Male) |
| 14:22 | Research | Double-Bit Axe |
| 14:28 | Queue | Archer |
| 14:38 | Build | House |
| 14:56 | Research | Castle Age |
| 14:56 | Research | Castle Age |
| 14:56 | Research | Castle Age |
| 15:09 | Build | Palisade Wall |
| 15:15 | Build | Palisade Wall |
| 15:17 | Build | Palisade Wall |
| 15:18 | Queue | Archer |
| 15:26 | Build | Farm |
| 15:35 | Research | Horse Collar |
| 15:37 | Queue | Archer |
| 15:51 | Research | Fletching |
| 15:51 | Research | Fletching |
| 15:51 | Research | Fletching |
| 15:56 | Queue | Archer |
| 16:32 | Age | Castle Age |
| 16:35 | Queue | Villager (Male) |
| 16:49 | Build | Town Center |
| 16:50 | Queue | Villager (Male) |
| 16:53 | Queue | Archer |
| 17:05 | Research | Bodkin Arrow |
| 17:08 | Build | Farm |
| 17:09 | Queue | Villager (Male) |
| 17:14 | Queue | Archer |
| 17:33 | Queue | Villager (Male) |
| 17:34 | Build | Farm |
| 17:34 | Build | Farm |
| 17:43 | Queue | Archer |
| 17:49 | Build | Farm |
| 17:49 | Build | Farm |
| 17:56 | Queue | Villager (Male) |
| 18:06 | Research | Bow Saw |
| 18:13 | Queue | Archer |
| 18:23 | Queue | Villager (Male) |
| 18:31 | Build | Outpost |
| 18:33 | Build | Outpost |
| 18:37 | Queue | Villager (Male) |
| 18:39 | Build | Farm |
| 18:45 | Queue | Villager (Male) |
| 18:50 | Build | Farm |
| 19:00 | Queue | Villager (Male) |
| 19:02 | Build | Farm |
| 19:04 | Queue | Archer |
| 19:09 | Queue | Villager (Male) |
| 19:30 | Queue | Villager (Male) |
| 19:36 | Build | Farm |
| 19:38 | Build | Farm |
| 19:41 | Queue | Villager (Male) |
| 19:43 | Queue | Archer |
| 19:51 | Build | Lumber Camp |
| 19:54 | Build | Outpost |
| 20:00 | Queue | Villager (Male) |
| 20:00 | Build | Farm |
| 20:05 | Research | Crossbowman (upgrade) |
| 20:08 | Build | Farm |
| 20:16 | Build | Farm |
| 20:17 | Queue | Archer |
| 20:22 | Queue | Villager (Male) |
| 20:25 | Build | Farm |
| 20:26 | Queue | Villager (Male) |
| 20:36 | Build | Outpost |
| 20:50 | Queue | Villager (Male) |
| 20:50 | Queue | Villager (Male) |
| 20:54 | Build | Siege Workshop |
| 20:59 | Queue | Villager (Male) |
| 21:13 | Queue | Villager (Male) |
| 21:15 | Build | Outpost |
| 21:16 | Queue | Villager (Male) |
| 21:20 | Build | Monastery |
| 21:26 | Queue | Villager (Male) |
| 21:29 | Queue | Villager (Male) |
| 21:31 | Build | Farm |
| 21:33 | Build | Farm |
| 21:45 | Build | House |
| 21:57 | Research | Wheelbarrow |
| 21:57 | Research | Wheelbarrow |
Match timeline
| 4:15 | VL Aveee · first_building Barracks |
| 4:28 | MangonelDance · first_building Barracks |
| 5:15 | VL Aveee · wall_segment Palisade Wall x1 |
| 5:16 | VL Aveee · wall_segment Palisade Wall x1 |
| 5:23 | VL Aveee · wall_segment Palisade Wall x1 |
| 8:51 | VL Aveee · wall_segment Palisade Wall x4 |
| 8:51 | VL Aveee · wall_segment Palisade Wall x2 |
| 10:11 | VL Aveee · wall_segment Palisade Wall x10 |
| 10:27 | VL Aveee · age_up feudal |
| 12:12 | MangonelDance · age_up feudal |
| 12:13 | VL Aveee · wall_segment Palisade Wall x1 |
| 12:16 | VL Aveee · wall_segment Palisade Wall x1 |
| 12:22 | VL Aveee · wall_segment Palisade Wall x1 |
| 12:25 | MangonelDance · first_building Archery Range |
| 12:45 | VL Aveee · wall_segment Palisade Wall x7 |
| 12:52 | VL Aveee · wall_segment Palisade Wall x9 |
| 13:01 | MangonelDance · wall_segment Palisade Wall x1 |
| 13:03 | MangonelDance · wall_segment Palisade Wall x3 |
| 13:04 | MangonelDance · wall_segment Palisade Wall x1 |
| 13:09 | VL Aveee · first_building Archery Range |
| 13:26 | VL Aveee · wall_segment Palisade Wall x7 |
| 13:50 | MangonelDance · wall_segment Palisade Wall x1 |
| 14:26 | VL Aveee · wall_segment Palisade Wall x5 |
| 14:27 | VL Aveee · wall_segment Palisade Wall x10 |
| 15:03 | VL Aveee · wall_segment Palisade Wall x1 |
| 15:09 | MangonelDance · wall_segment Palisade Wall x7 |
| 15:15 | MangonelDance · wall_segment Palisade Wall x6 |
| 15:17 | MangonelDance · wall_segment Palisade Wall x2 |
| 16:32 | MangonelDance · age_up castle |
| 18:01 | VL Aveee · wall_segment Stone Wall x1 |
| 18:29 | VL Aveee · wall_segment Palisade Wall x1 |
| 18:37 | VL Aveee · wall_segment Palisade Wall x1 |
| 18:39 | VL Aveee · wall_segment Palisade Wall x1 |
| 19:35 | VL Aveee · age_up castle |
| 20:54 | MangonelDance · first_building Siege Workshop |
| 21:20 | MangonelDance · first_building Monastery |
| 21:28 | VL Aveee · first_building Siege Workshop |
| 25:58 | VL Aveee · first_building Castle |
| 26:58 | MangonelDance · wall_segment Stone Wall x2 |
| 27:03 | MangonelDance · wall_segment Stone Wall x4 |
| 27:09 | MangonelDance · wall_segment Stone Wall x3 |
| 27:54 | VL Aveee · first_market_sell 500 wood |
| 27:55 | MangonelDance · first_building Castle |
| 28:49 | VL Aveee · first_market_buy 100 stone |
| 30:06 | MangonelDance · age_up imperial |
| 31:10 | VL Aveee · age_up imperial |
| 33:45 | MangonelDance · first_market_sell 100 food |
| 35:21 | MangonelDance · first_building Stable |
| 39:33 | VL Aveee · wall_segment Stone Wall x1 |
| 39:42 | VL Aveee · wall_segment Stone Wall x1 |
| 42:26 | MangonelDance · first_market_buy 100 stone |
| 53:23 | VL Aveee · resign |
[ AI ANALYSIS · 1 CREDIT ]
What really happened in this match?
Wolo.gg analyzes every decision: build order, eco, micro, common mistakes by bracket. Personalized analysis on WhatsApp or Discord in 30 seconds.
Civ guide
Civ #60
Perfil
Jugador #6773576